 Dungeon Crawl Stone Soup version 0.29-a0-234-g0dae59b3db (webtiles) character file.

Game seed: 5446519181699932869

23380 dolemite99 the Destroyer (level 13, -4/88 HPs)
             Began as a Gnoll Conjurer on Mar 4, 2022.
             Was an Elder of Hepliaklqana.
             Slain by a meliai
             ... wielding a +0 hand axe
              (5 damage)
             ... on level 2 of the Lair of Beasts.
             The game lasted 00:36:20 (26253 turns).

dolemite99 the Destroyer (Gnoll Conjurer)          Turns: 26253, Time: 00:36:21

Health: -4/88      AC: 13    Str:  7    XL:     13   Next: 6%
Magic:  21/26      EV: 16    Int: 22    God:    Hepliaklqana [****..]
Gold:   805        SH:  0    Dex: 11    Spells: 4/30 levels left

rFire   . . .      SeeInvis .   b - +1 hand crossbow
rCold   + . .      Faith    .   (no shield)
rNeg    . . .      Spirit   .   T - +2 ring mail {rC+}
rPois   +          Reflect  .   K - +2 helmet
rElec   .          Harm     .   (no cloak)
rCorr   .          Rampage  .   p - +0 pair of gloves
Will    .....                   (no boots)
Stlth   +++.......              (no amulet)
HPRegen 0.24/turn               z - ring of poison resistance
MPRegen 0.20/turn               u - +4 ring of evasion

@: no status effects
A: reduced essence, fangs 1, strong nose, distributed training
a: Renounce Religion, Recall Ancestor, Ancestor Identity, Transference, Idealise


You were on level 2 of the Lair of Beasts.
You worshipped Hepliaklqana.
Hepliaklqana was greatly pleased with you.
You visited 3 branches of the dungeon, and saw 15 of its levels.

You collected 805 gold pieces.

Inventory:

Hand Weapons
 b - a +1 hand crossbow (weapon)
 g - a +2 scimitar of flaming
 o - a +1 rapier
 q - a +0 morningstar
 v - a +1 scimitar of holy wrath
 A - a +1 dagger of venom
 C - a +1 trident
 F - a +3 hand axe
 Q - a +1 hand axe of venom
Missiles
 c - 18 poisoned darts
 h - 366 stones
 i - 4 throwing nets
 x - 6 javelins
 J - 4 boomerangs
Armour
 e - a +2 leather armour of fire resistance
 l - a +1 hat
 p - a +0 pair of gloves (worn)
 K - a +2 helmet (worn)
 P - a +2 robe of willpower
 T - a +2 ring mail of cold resistance (worn)
Magical Staves
 a - a staff of fire
 G - a staff of earth
 H - a staff of death
Jewellery
 j - a +6 ring of dexterity
 u - a +4 ring of evasion (right hand)
 y - a ring of protection from cold
 z - a ring of poison resistance (left hand)
 O - an amulet of guardian spirit
Wands
 r - a wand of charming (7)
 t - a wand of flame (8)
Scrolls
 d - 3 scrolls of vulnerability
 k - 3 scrolls of fog
 n - 6 scrolls of teleportation
 w - 3 scrolls of blinking
 D - 2 scrolls of silence
 R - a scroll of holy word
 U - a scroll of enchant armour
 V - a scroll of identify {@r1}
Potions
 f - 3 potions of cancellation
 m - a potion of might {unknown}
 s - 3 potions of degeneration
 B - 2 potions of brilliance {unknown}
 E - 6 potions of mutation
 I - 2 potions of ambrosia {unknown}
 L - 3 potions of lignification {unknown}
 M - a potion of resistance {unknown}
 N - 3 potions of attraction {unknown}


   Skills:
 + Level 7.9 Fighting
 + Level 7.9 Short Blades
 + Level 7.9 Long Blades
 + Level 7.9 Axes
 + Level 7.9 Maces & Flails
 + Level 7.9 Polearms
 + Level 7.9 Staves
 + Level 7.9 Slings
 + Level 7.9 Bows
 + Level 7.9 Crossbows
 + Level 7.9 Throwing
 + Level 7.9 Armour
 + Level 9.2 Dodging
 + Level 9.0 Stealth
 + Level 7.9 Shields
 + Level 7.9 Unarmed Combat
 + Level 9.4 Spellcasting
 + Level 9.8 Conjurations
 + Level 6.5 Hexes
 + Level 6.5 Summonings
 + Level 6.5 Necromancy
 + Level 6.5 Translocations
 + Level 6.5 Transmutations
 + Level 6.5 Fire Magic
 + Level 6.5 Ice Magic
 + Level 6.5 Air Magic
 + Level 6.5 Earth Magic
 + Level 6.5 Poison Magic
 + Level 8.6 Invocations
 + Level 7.9 Evocations


You had 4 spell levels left.
You knew the following spells:

 Your Spells              Type           Power      Damage    Failure   Level
a - Searing Ray           Conj           100%       2d8       1%          2
b - Foxfire               Conj/Fire      100%       2x1d9     1%          1
c - Magic Dart            Conj           100%       1d8       1%          1
d - Fulminant Prism       Conj/Hex       23%        3d13      6%          4
e - Iskenderun's Mystic   Conj/Tloc      46%        2d10      6%          4
f - Dazzling Flash        Conj/Hex       92%        N/A       1%          3
g - Cause Fear            Hex            19%        N/A       12%         4
h - Inner Flame           Hex/Fire       39%        N/A       3%          3
i - Flame Wave            Conj/Fire      46%        2d10      6%          4

Your spell library contained the following spells:

 Spells                   Type           Power      Damage    Failure   Level
 Sting                    Tmut/Pois      100%       1d8       1%          1
 Poisonous Vapours        Pois/Air       78%        N/A       1%          2
 Conjure Flame            Conj/Fire      46%        6-21      1%          3
 Olgreb's Toxic Radiance  Pois           39%        N/A       12%         4
 Discord                  Hex            19%        N/A       100%        8


Dungeon Overview and Level Annotations

Branches:
Dungeon (12/15)            Temple (1/1) D:4            Lair (2/6) D:11
 Shoals (0/4) Lair:2          Orc (0/2) D:10
  Snake: Lair:2-4    Spider: Lair:2-4

Altars:
Ashenzari
Dithmenos
Elyvilon
Fedhas
Gozag
Hepliaklqana
Makhleb
Okawaru
Ru
Trog
Vehumet
Xom
Yredelemnul
Zin
The Shining One

Annotations:
D:4 exclusion: downstairs


Innate Abilities, Weirdness & Mutations

Your life essence is reduced to manifest your ancestor. (-10% HP)
You have very sharp teeth.
Your uncanny sense of smell can sniff out nearby items.
Your experience applies equally to all skills.


Message History

The meliai barely misses you.
The foxfire hits the meliai but does no damage.
The meliai is moderately wounded.
The foxfire hits the meliai.
The meliai is heavily wounded.
The meliai closely misses you. The meliai misses you.
The meliai closely misses you. x2
Casting: Foxfire (safe; 1% risk of failure)
Confirm with . or Enter, or press ? or * to list all spells.
You conjure some foxfire!
The meliai misses you. The meliai barely misses your foxfire.
The meliai hits your foxfire with a +0 hand axe!
The meliai stings you.
You are poisoned.
The meliai poisons you! The meliai closely misses you.
The meliai hits your foxfire with a +0 hand axe!
The meliai hits your foxfire with a +0 hand axe.
The meliai stings you but does no damage.
You feel very sick.
The foxfire hits the meliai.
The meliai is severely wounded.
The foxfire hits the meliai.
The meliai is severely wounded.
The meliai invokes the aid of its god against you.
Something smites you!
* * * LOW HITPOINT WARNING * * *
The meliai calls down the wrath of its god upon you.
Something smites you!
* * * LOW HITPOINT WARNING * * *
You feel better. The meliai closely misses you.
The meliai stings you but does no damage.
The meliai hits you with a +0 hand axe.
* * * LOW HITPOINT WARNING * * *
The meliai stings you but does no damage.
You feel better.
The meliai mumbles some strange prayers to its god against you.
Something smites you!
* * * LOW HITPOINT WARNING * * *
The meliai hits you with a +0 hand axe.
You die...

.................................
.................................
.................................
............).............÷......
......>.....÷..†.................
.................................
.................................
..#######.....#######............
.####...........@.####...........
####.....#####..y..####..........
# #.......# #.......# ###........
##.....## ##....)#######.......
##...## ##........####......
##### #####.....####..... ∆
#...#...# ###... ##.....#######..
##...†#...####.


You could see a meliai.

Vanquished Creatures
  Harold (D:10)
  A boulder beetle (D:11)
  A hydra (D:11)
  Erica (D:11)
  A two-headed ogre (D:11)
  Nergalle (D:10)
  A manticore (Lair:2)
  A black mamba (Lair:1)
  2 cane toads
  A komodo dragon (Lair:1)
  A freezing wraith (D:10)
  A meliai (Lair:2)
  3 trolls (D:9)
  A hornet (D:10)
  A shadow (D:9)
  A wraith (D:10)
  11 yaks
  A wyvern (D:11)
  4 vampire mosquitoes (D:11)
  Menkaure (D:6)
  4 water moccasins
  An acid dragon (D:10)
  A sky beast (D:5)
  3 orc warriors
  An ice beast (D:6)
  3 black bears
  2 ogres
  3 centaurs
  3 phantoms
  A bullfrog (D:5)
  A scorpion (D:2)
  A gnoll sergeant (D:5)
  6 wights
  5 killer bees (Lair:2)
  6 orc priests
  3 hounds (D:4)
  2 jellies
  An iguana (D:4)
  7 orc wizards
  8 gnolls (D:5)
  7 adders
  A shadow imp (D:7)
  A worm (D:2)
  A dart slug (D:3)
  33 orcs
  10 endoplasms
  4 giant cockroaches
  11 goblins
  10 hobgoblins
  2 jackals (D:2)
  4 quokkas
  8 ball pythons
  6 bats
  7 frilled lizards
  9 kobolds
  5 rats
217 creatures vanquished.

Vanquished Creatures (collateral kills)
  A hydra (Lair:2)
  Urug (D:11)
  A black mamba (Lair:2)
  5 cane toads
  2 komodo dragons
  A rime drake (Lair:2)
  A meliai (Lair:2)
  A wind drake (Lair:2)
  A blink frog (Lair:2)
  A wraith (D:10)
  17 yaks
  3 wyverns
  4 basilisks (Lair:2)
  A steam dragon (Lair:2)
  5 water moccasins
  4 orc warriors
  3 wolves
  3 centaurs
  A kobold brigand (D:8)
  5 bullfrogs
  12 wights
  7 killer bees (Lair:2)
  3 orc priests
  5 orc wizards
  A shadow imp (D:6)
  A white imp (D:7)
  32 orcs
  2 kobolds (D:8)
  A foxfire (Lair:2)
125 creatures vanquished.

Vanquished Creatures (others)
  3 yaks
  23 battlemagi
  An ancestor (D:6)
  An orc (D:9)
  281 foxfires
  10 fulminant prisms
  2 fungi (D:11)
  24 plants
345 creatures vanquished.

Grand Total: 687 creatures vanquished

Notes
Turn   | Place    | Note
-------+----------+-------------------------------------------
     0 | D:1      | dolemite99 the Gnoll Conjurer began the quest for the Orb.
     0 | D:1      | Reached XP level 1. HP: 13/13 MP: 6/6
   305 | D:1      | Reached XP level 2. HP: 19/19 MP: 5/7
  1163 | D:1      | Reached XP level 3. HP: 25/25 MP: 7/9
  1401 | D:1      | Reached skill level 5 in Spellcasting
  1805 | D:2      | Learned a level 3 spell: Dazzling Flash
  1828 | D:2      | Learned a level 2 spell: Searing Ray
  2255 | D:2      | Noticed a scorpion
  2264 | D:2      | Reached skill level 1 in Invocations
  2268 | D:2      | Killed a scorpion
  2269 | D:2      | Reached skill level 1 in Fighting
  2269 | D:2      | Reached skill level 1 in Short Blades
  2269 | D:2      | Reached skill level 1 in Long Blades
  2269 | D:2      | Reached skill level 1 in Axes
  2269 | D:2      | Reached skill level 1 in Maces & Flails
  2269 | D:2      | Reached skill level 1 in Polearms
  2269 | D:2      | Reached skill level 1 in Staves
  2269 | D:2      | Reached skill level 1 in Slings
  2269 | D:2      | Reached skill level 1 in Bows
  2269 | D:2      | Reached skill level 1 in Crossbows
  2269 | D:2      | Reached skill level 1 in Throwing
  2269 | D:2      | Reached skill level 1 in Armour
  2269 | D:2      | Reached skill level 1 in Shields
  2269 | D:2      | Reached skill level 1 in Unarmed Combat
  2269 | D:2      | Reached skill level 1 in Hexes
  2269 | D:2      | Reached skill level 1 in Summonings
  2269 | D:2      | Reached skill level 1 in Necromancy
  2269 | D:2      | Reached skill level 1 in Translocations
  2269 | D:2      | Reached skill level 1 in Transmutations
  2269 | D:2      | Reached skill level 1 in Fire Magic
  2269 | D:2      | Reached skill level 1 in Ice Magic
  2269 | D:2      | Reached skill level 1 in Air Magic
  2269 | D:2      | Reached skill level 1 in Earth Magic
  2269 | D:2      | Reached skill level 1 in Poison Magic
  2269 | D:2      | Reached skill level 1 in Evocations
  2269 | D:2      | Reached XP level 4. HP: 10/32 MP: 2/11
  2912 | D:2      | Found a white marble altar of Elyvilon.
  2965 | D:2      | Reached XP level 5. HP: 37/37 MP: 8/12
  3496 | D:2      | Became a worshipper of Elyvilon the Healer
  5001 | D:3      | Found a faded altar of an unknown god.
  5337 | D:3      | Reached * piety under Elyvilon
  5342 | D:3      | Reached XP level 6. HP: 44/44 MP: 10/13
  5750 | D:4      | Found an iron altar of Okawaru.
  5750 | D:4      | Found a shadowy altar of Dithmenos.
  5777 | D:4      | Noticed a black bear
  5818 | D:4      | Killed a black bear
  5819 | D:4      | Reached skill level 5 in Dodging
  6585 | D:4      | Reached XP level 7. HP: 50/50 MP: 7/15
  6692 | D:4      | Found a staircase to the Ecumenical Temple.
  6706 | Temple   | Entered the Ecumenical Temple
  6825 | Temple   | Fell from the grace of Elyvilon
  6825 | Temple   | Became a worshipper of Hepliaklqana the Forgotten
  7556 | D:5      | Entered Level 5 of the Dungeon
  7588 | D:5      | Noticed a two-headed ogre
  8664 | D:5      | Reached skill level 5 in Stealth
  9361 | D:5      | Reached XP level 8. HP: 25/57 MP: 3/16
  9838 | D:6      | Reached * piety under Hepliaklqana
 10744 | D:6      | Noticed Menkaure
 10749 | D:6      | Killed Menkaure
 11105 | D:6      | Reached XP level 9. HP: 19/58 MP: 10/18
 11972 | D:7      | Reached ** piety under Hepliaklqana
 11973 | D:7      | Remembered your ancestor Arif as a battlemage
 12787 | D:7      | Learned a level 1 spell: Foxfire
 13883 | D:8      | Reached skill level 5 in Invocations
 14040 | D:8      | Reached XP level 10. HP: 65/65 MP: 16/20
 14666 | D:9      | Reached *** piety under Hepliaklqana
 14855 | D:9      | Reached skill level 5 in Fighting
 14855 | D:9      | Reached skill level 5 in Short Blades
 14855 | D:9      | Reached skill level 5 in Long Blades
 14855 | D:9      | Reached skill level 5 in Axes
 14855 | D:9      | Reached skill level 5 in Maces & Flails
 14855 | D:9      | Reached skill level 5 in Polearms
 14855 | D:9      | Reached skill level 5 in Staves
 14855 | D:9      | Reached skill level 5 in Slings
 14855 | D:9      | Reached skill level 5 in Bows
 14855 | D:9      | Reached skill level 5 in Crossbows
 14855 | D:9      | Reached skill level 5 in Throwing
 14855 | D:9      | Reached skill level 5 in Armour
 14855 | D:9      | Reached skill level 5 in Shields
 14855 | D:9      | Reached skill level 5 in Unarmed Combat
 14855 | D:9      | Reached skill level 5 in Evocations
 16744 | D:10     | Entered Level 10 of the Dungeon
 16787 | D:10     | Learned a level 4 spell: Fulminant Prism
 16792 | D:10     | Learned a level 4 spell: Flame Wave
 16797 | D:10     | Learned a level 4 spell: Iskenderun's Mystic Blast
 17570 | D:10     | Reached **** piety under Hepliaklqana
 17947 | D:10     | Reached XP level 11. HP: 63/72 MP: 14/22
 18621 | D:10     | Found a staircase to the Orcish Mines.
 18753 | D:10     | Reached skill level 5 in Hexes
 18753 | D:10     | Reached skill level 5 in Summonings
 18753 | D:10     | Reached skill level 5 in Necromancy
 18753 | D:10     | Reached skill level 5 in Translocations
 18753 | D:10     | Reached skill level 5 in Transmutations
 18753 | D:10     | Reached skill level 5 in Fire Magic
 18753 | D:10     | Reached skill level 5 in Ice Magic
 18753 | D:10     | Reached skill level 5 in Air Magic
 18753 | D:10     | Reached skill level 5 in Earth Magic
 18753 | D:10     | Reached skill level 5 in Poison Magic
 19244 | D:10     | Noticed a death knight
 19398 | D:11     | Noticed Harold
 19414 | D:11     | Noticed Nergalle
 20197 | D:10     | Killed Nergalle
 20208 | D:10     | Killed Harold
 20660 | D:10     | Learned a level 3 spell: Inner Flame
 20797 | D:11     | Found a staircase to the Lair.
 20804 | D:11     | Noticed a seven-headed hydra
 20812 | D:11     | Killed a seven-headed hydra
 21314 | D:11     | Noticed Urug
 21314 | D:11     | Noticed a two-headed ogre
 21318 | D:11     | Killed a two-headed ogre
 21319 | D:11     | Killed Urug
 21325 | D:11     | Reached XP level 12. HP: 80/80 MP: 17/24
 21587 | D:11     | Noticed a boulder beetle
 21604 | D:11     | Killed a boulder beetle
 22136 | D:11     | Learned a level 4 spell: Cause Fear
 22259 | D:12     | Noticed a boulder beetle
 22285 | Lair:1   | Entered Level 1 of the Lair of Beasts
 23001 | Lair:1   | Noticed Erica
 23277 | D:11     | Killed Erica
 24084 | Lair:2   | Found a staircase to the Shoals.
 24443 | Lair:2   | Noticed a seven-headed hydra
 24450 | Lair:2   | Killed a seven-headed hydra
 25322 | Lair:2   | Reached ***** piety under Hepliaklqana
 25966 | Lair:2   | Reached XP level 13. HP: 88/88 MP: 26/26
 26253 | Lair:2   | HP: 1/88 [meliai/divine providence (15)]
 26253 | Lair:2   | Slain by a meliai

Illustrated notes

Levels and vault maps discovered:
D:1:      lemuel_arrival_rhombus, layout_basic, bh_walls_and_bars
D:2:      layout_basic, basic_altar, nrook_mini_backslash,
          minmay_fractal_squares_gapless_5
D:3:      layout_basic, nicolae_ecumenical_lake_church, serial_bayou_pond_e
D:4:      layout_basic, jmf_multi_god_temple, temple_green
D:5:      layout_loops_ring, kennysheep_boxes
D:6:      layout_basic, uniq_menkaure
D:7:      layout_basic, kennysheep_nondescript
D:8:      layout_gridville
D:9:      layout_irregular_city
D:10:     layout_basic, hiddenorc2_lemuel, kennysheep_generic_room_3
D:11:     layout_loops_ring, minmay_lair_entry_grove, uniq_urug, uniq_nergalle,
          uniq_harold
D:12:     cheibrodos_ideogram_h, layout_irregular_city
Temple:   regret_index_temple_chain_breaker
Lair:1:   layout_misc_corridors, beast_lair_carwin_5, infiniplex_staircase_pool,
          lemuel_fruit_fields, uniq_erica
Lair:2:   regret_index_combs_of_tragedy, layout_regular_city,
          minmay_shoals_entry_beasts

Skill      XL: |  1  2  3  4  5  6  7  8  9 10 11 12 |
---------------+-------------------------------------+-----
Spellcasting   | 5 6 7 8 9 |  9.4
Invocations    | 1 2 3 4 5 6 7 8 |  8.6
Fighting       | 1 2 3 4 5 6 7 |  7.9
Short Blades   | 1 2 3 4 5 6 7 |  7.9
Long Blades    | 1 2 3 4 5 6 7 |  7.9
Axes           | 1 2 3 4 5 6 7 |  7.9
Maces & Flails | 1 2 3 4 5 6 7 |  7.9
Polearms       | 1 2 3 4 5 6 7 |  7.9
Staves         | 1 2 3 4 5 6 7 |  7.9
Slings         | 1 2 3 4 5 6 7 |  7.9
Bows           | 1 2 3 4 5 6 7 |  7.9
Crossbows      | 1 2 3 4 5 6 7 |  7.9
Throwing       | 1 2 3 4 5 6 7 |  7.9
Armour         | 1 2 3 4 5 6 7 |  7.9
Shields        | 1 2 3 4 5 6 7 |  7.9
Unarmed Combat | 1 2 3 4 5 6 7 |  7.9
Hexes          | 1 2 3 4 5 6 |  6.5
Summonings     | 1 2 3 4 5 6 |  6.5
Necromancy     | 1 2 3 4 5 6 |  6.5
Translocations | 1 2 3 4 5 6 |  6.5
Transmutations | 1 2 3 4 5 6 |  6.5
Fire Magic     | 1 2 3 4 5 6 |  6.5
Ice Magic      | 1 2 3 4 5 6 |  6.5
Air Magic      | 1 2 3 4 5 6 |  6.5
Earth Magic    | 1 2 3 4 5 6 |  6.5
Poison Magic   | 1 2 3 4 5 6 |  6.5
Evocations     | 1 2 3 4 5 6 7 |  7.9
Dodging        | 5 6 7 8 9 |  9.2
Stealth        | 5 6 7 8 9 |  9.0
Conjurations   | 8 9 |  9.8

Action                   |  1- 3 |  4- 6 |  7- 9 | 10-12 | 13-15 || total
-------------------------+-------+-------+-------+-------+-------++-------
Melee: Rapier            |       |     9 |       |       |       ||     9
       Bite              |       |     1 |       |       |       ||     1
       Hand axe          |       |       |     1 |       |       ||     1
       Hand crossbow     |       |       |       |     1 |       ||     1
 Fire: Hand crossbow     |       |       |     5 |   180 |     7 ||   192
Throw: Dart              |       |     1 |     4 |       |       ||     5
       Javelin           |       |       |     3 |       |       ||     3
       Throwing net      |       |       |     1 |       |       ||     1
 Cast: Magic Dart        |    45 |    80 |    50 |       |       ||   175
       Searing Ray       |     4 |    11 |    49 |    45 |     1 ||   110
       Dazzling Flash    |     1 |       |       |     1 |       ||     2
       Foxfire           |       |       |    23 |   112 |    21 ||   156
       Fulminant Prism   |       |       |       |    10 |       ||    10
       Flame Wave        |       |       |       |     1 |       ||     1
       Iskenderun's Myst |       |       |       |     8 |     1 ||     9
       Cause Fear        |       |       |       |     1 |       ||     1
Invok: Recall Ancestor   |       |       |     3 |     3 |     1 ||     7
       Ancestor Life: Ba |       |       |     1 |       |       ||     1
       Idealise          |       |       |       |     4 |       ||     4
Evoke: Wand              |       |       |     2 |    23 |     2 ||    27
  Use: Potion            |       |     1 |       |     5 |     3 ||     9
       Scroll            |       |       |    16 |     7 |       ||    23
Armor: Robe              |     2 |    12 |     4 |    12 |       ||    30
       Leather armour    |       |       |    14 |     3 |       ||    17
       Ring mail         |       |       |       |    30 |    17 ||    47
Dodge: Dodged            |    12 |    32 |    56 |   139 |    49 ||   288

Table legend: (Time is in decaauts)
 A = Elapsed time spent in this place.
 B = Non-inter-level travel time spent in this place.
 C = Inter-level travel time spent in this place.
 D = Time resting spent in this place.
 E = Time spent auto-exploring this place.
 F = Levels seen in this place.
 G = Mean time per level.
                   A        B        C        D        E       F      G
               +--------+--------+--------+--------+--------+-----+--------+
         Total |  26298 |  25748 |    550 |  13925 |   8020 |  15 | 1753.2 |
       Dungeon |  22796 |  22301 |    495 |  12455 |   6720 |  12 | 1899.7 |
        Temple |    124 |    109 |     15 |     34 |     57 |   1 |  124.0 |
          Lair |   3377 |   3337 |     40 |   1436 |   1243 |   2 | 1688.5 |
               +--------+--------+--------+--------+--------+-----+--------+

Top non-repeatable levels by time:
    D:10: 3442 daAuts
     D:9: 2716 daAuts
     D:2: 2267 daAuts
     D:4: 2253 daAuts
    D:11: 2251 daAuts
  Lair:2: 2103 daAuts
     D:6: 2065 daAuts
     D:5: 1851 daAuts
     D:8: 1726 daAuts
     D:3: 1711 daAuts
     D:1: 1632 daAuts
  Lair:1: 1274 daAuts
     D:7: 875 daAuts
  Temple: 124 daAuts
    D:12: 1 daAuts
